 Dungeon Crawl Stone Soup version 0.19.5 (webtiles) character file.

3311 tricornhat the Basher (level 9, 0/99 HPs)
             Began as a Demonspawn Gladiator on Mar 23, 2017.
             Was a Believer of Trog.
             Slain by a vampire (4 damage)
             ... on level 8 of the Dungeon on Mar 24, 2017.
             The game lasted 00:38:23 (7700 turns).

tricornhat the Basher (Demonspawn Gladiator)        Turns: 7700, Time: 00:38:24

Health: 0/99       AC: 22    Str: 27    XL:     9   Next: 70%
Magic:  9/9        EV: 10    Int: 10    God:    Trog [**....]
Gold:   192        SH:  0    Dex: 13    Spells: 0 memorised, 8 levels left

rFire  + . .     SeeInvis .     a - +2 morningstar
rCold  . . .     Gourm    .     i - +1 chain mail
rNeg   . . .     Faith    .     (no shield)
rPois  +         Spirit   .     (helmet restricted)
rElec  .         Reflect  .     y - +1 cloak {rPois}
rCorr  .         Harm     .     z - +1 pair of gloves "Ylaofol" {Stlth+}
MR     .....                    E - +1 pair of boots
Stlth  ..........               (no amulet)
                                u - +3 ring of strength
                                n - +3 ring of protection

@: berserking, very quick
A: antennae 2, icy blue scales 1, fire resistance 1, nightstalker 1
a: Berserk, Trog's Hand, Burn Spellbooks, Renounce Religion


You were on level 8 of the Dungeon.
You worshipped Trog.
Trog was pleased with you.
You were very hungry.

You visited 2 branches of the dungeon, and saw 9 of its levels.
You also visited: Sewer.

You collected 384 gold pieces.
You spent 192 gold pieces at shops.

Inventory:

Hand Weapons
 a - a +2 morningstar (weapon)
 b - a +1 shortbow of velocity
 j - a +3 flail
Missiles
 p - 54 arrows
Armour
 c - a +0 helmet
 d - a +0 leather armour
 i - a +1 chain mail (worn)
 o - a +0 pair of gloves
 y - a +1 cloak of poison resistance (worn)
 z - the +1 pair of gloves "Ylaofol" (worn) {Stlth+}
   (You found it on level 4 of the Dungeon)

   It makes you more stealthy.
 E - a +1 pair of boots (worn)
Jewellery
 e - a +3 ring of protection
 m - an uncursed ring of flight
 n - a +3 ring of protection (left hand)
 t - a +4 ring of intelligence
 u - a +3 ring of strength (right hand)
 B - a +3 ring of dexterity
Wands
 F - a wand of random effects (32/48)
 K - a wand of acid (5/15)
Scrolls
 k - 5 scrolls of remove curse
 C - 3 scrolls of vulnerability {unknown}
 D - 3 scrolls of fog {unknown}
 H - 2 scrolls of immolation {unknown}
 I - a scroll of random uselessness {unknown}
 J - a scroll of recharging {unknown}
 L - a scroll of brand weapon {unknown}
Potions
 h - 2 potions of curing
 l - 2 potions of haste
 q - a potion of heal wounds
 r - a potion of mutation {unknown}
 s - a potion of brilliance {unknown}
 v - a potion of agility
 w - a potion of might {unknown}
 x - 2 potions of flight {unknown}
 G - a potion of magic {unknown}
Comestibles
 f - 2 bread rations
 g - 2 meat rations


   Skills:
 + Level 4.7 Fighting
 * Level 10.6 Maces & Flails
 + Level 1.9 Throwing
 + Level 4.7 Armour
 + Level 3.7 Dodging
 + Level 1.5 Stealth
 + Level 0.4 Evocations


You had 8 spell levels left.
You didn't know any spells.

Dungeon Overview and Level Annotations

Branches:
Dungeon (8/15)             Temple (1/1) D:5
   Lair: D:8-11

Altars:
Cheibriados
Fedhas
Gozag
Makhleb
Trog
Yredelemnul

Shops:
D:6 [   D:7 *:


Innate Abilities, Weirdness & Mutations

You have a pair of antennae on your head.
You are partially covered in icy blue scales. (AC +2)
Your flesh is heat resistant. (rF+)
You are slightly more attuned to the shadows.


Message History

You're too confused to move!
You feel less confused. Something hits you but does no damage.
Something bites you but does no damage.
A red film seems to cover your vision as you go berserk!
You feel yourself moving faster!
You feel mighty!
You are feeling very hungry.
Something hits you but does no damage. Something bites you.
* * * LOW HITPOINT WARNING * * *
Something draws strength from your injuries!
You miss something. Something hits you but does no damage.
Something bites you but does no damage.
You puncture something! Something completely misses you.
Something bites you but does no damage.
You completely miss something. You hit something.
Something hits you but does no damage. Something bites you but does no damage.
You miss something. Something hits you.
* * * LOW HITPOINT WARNING * * *
Something bites you.
You die...

#######
#.....##
#...@{.##
#..♣....##
♣...♣♣.....#
♣♣.♣ ♣.....#
♣.
♣.♣♣♣..#####
♣ ♣.♣
♣.......# ♣♣
♣....###.#
......## #.#
♣♣♣..## #†#
######


There were no monsters in sight!

Vanquished Creatures
  The ghost of Lucio the Frost Mage, a novice MfIE (D:6)
  A hippogriff (D:8)
  A hungry ghost (D:7)
  Purgy (Sewer)
  2 ice beasts
  An orc warrior (D:7)
  A sky beast (D:8)
  2 phantoms
  A centaur (D:7)
  3 ogres
  3 bullfrogs (D:6)
  A gnoll sergeant (D:7)
  3 howler monkeys
  5 wights
  A bullfrog zombie (D:7)
  A crimson imp (D:5)
  3 hounds
  A jelly (D:8)
  A bullfrog skeleton (D:8)
  2 centaur skeletons
  2 orc priests
  Crazy Yiuf (D:7)
  4 orc wizards
  An iguana (D:4)
  4 worker ants
  A howler monkey zombie (D:3)
  2 worker ant zombies
  8 adders
  9 gnolls
  A shadow imp (D:6)
  An ooze (D:6)
  An adder skeleton (D:6)
  2 adder zombies
  3 worms
  2 dart slugs
  7 leopard geckos
  14 orcs
  3 ball pythons
  9 bats
  8 giant cockroaches
  6 hobgoblins
  14 jackals
  A quokka (D:4)
  3 frilled lizards
  4 goblins
  5 kobolds
  A quokka skeleton (D:6)
  2 quokka zombies (D:6)
  10 rats
164 creatures vanquished.

Notes
Turn   | Place    | Note
-------+----------+-------------------------------------------
     0 | D:1      | tricornhat the Demonspawn Gladiator began the quest for the Orb.
     0 | D:1      | Reached XP level 1. HP: 16/16 MP: 1/1
   156 | D:1      | Reached skill level 3 in Maces & Flails
   161 | D:1      | Gained mutation: You have a pair of small antennae on your head. [demonic ancestry]
   161 | D:1      | Reached XP level 2. HP: 15/22 MP: 2/2
   972 | D:2      | Gained mutation: You are partially covered in icy blue scales. (AC +2) [demonic ancestry]
   972 | D:2      | Reached XP level 3. HP: 21/27 MP: 3/3
  1188 | D:2      | Reached skill level 1 in Armour
  1227 | D:2      | Reached XP level 4. HP: 30/33 MP: 4/4
  1729 | D:2      | Reached skill level 4 in Maces & Flails
  2085 | D:3      | Gained mutation: You are slightly more attuned to the shadows. [demonic ancestry]
  2085 | D:3      | Reached XP level 5. HP: 23/38 MP: 5/5
  2122 | D:3      | Found a glowing drain.
  2147 | Sewer    | Entered a sewer
  2240 | Sewer    | Noticed Purgy
  2280 | Sewer    | Killed Purgy
  2280 | Sewer    | Reached skill level 5 in Maces & Flails
  2280 | Sewer    | Reached skill level 1 in Stealth
  2280 | Sewer    | Reached XP level 6. HP: 5/46 MP: 6/6
  3617 | D:4      | Got a pair of faintly humming gloves
  3644 | D:4      | Identified the +1 pair of gloves "Ylaofol" {Stlth+} (You found it on level 4 of the Dungeon)
  3743 | D:4      | Reached skill level 6 in Maces & Flails
  3743 | D:4      | Reached XP level 7. HP: 42/52 MP: 7/7
  3925 | D:5      | Entered Level 5 of the Dungeon
  4063 | D:5      | Found a basalt altar of Yredelemnul.
  4500 | D:5      | Found a snail-covered altar of Cheibriados.
  4750 | D:5      | Found a staircase to the Ecumenical Temple.
  4937 | D:6      | Found Yczem's Armour Emporium.
  4996 | D:6      | Reached skill level 7 in Maces & Flails
  5169 | D:6      | Noticed Lucio's ghost (novice MfIE)
  5220 | D:6      | Killed Lucio's ghost
  5220 | D:6      | Reached skill level 8 in Maces & Flails
  5220 | D:6      | Gained mutation: Your flesh is heat resistant. (rF+) [demonic ancestry]
  5220 | D:6      | Reached XP level 8. HP: 32/59 MP: 8/8
  5502 | Temple   | Entered the Ecumenical Temple
  5509 | Temple   | Became a worshipper of Trog the Wrathful
  5783 | D:6      | Reached skill level 9 in Maces & Flails
  5994 | D:7      | Reached * piety under Trog
  6065 | D:7      | Gained mutation: You have a pair of antennae on your head. [demonic ancestry]
  6065 | D:7      | Reached XP level 9. HP: 44/65 MP: 9/9
  6210 | D:7      | Found Pioxtoqir's Book Boutique.
  6598 | D:7      | Found a runed door.
  6602 | D:7      | Noticed Crazy Yiuf
  6605 | D:7      | Killed Crazy Yiuf
  6676 | D:7      | Found Hotuisot's Assorted Antiques.
  6691 | D:7      | Bought a scroll of identify for 48 gold pieces
  6691 | D:7      | Bought 2 scrolls labeled FIQEKHL JUTEJI for 48 gold pieces
  6691 | D:7      | Bought a scroll labeled RUN XIDEUC for 24 gold pieces
  6691 | D:7      | Bought a potion of curing for 72 gold pieces
  6929 | D:7      | Reached skill level 10 in Maces & Flails
  7152 | D:7      | Reached ** piety under Trog
  7700 | D:8      | HP: 4/99 [something (3)]
  7700 | D:8      | Slain by a vampire

Skill      XL: |  1  2  3  4  5  6  7  8  9 |
---------------+----------------------------+-----
Maces & Flails | 3 4 5 6 8 9 10 | 10.6
Dodging        | 3 |  3.7
Armour         | 1 2 3 4 |  4.7
Stealth        | 1 |  1.5
Fighting       | 3 4 |  4.7
Throwing       | |  1.9
Evocations     | |  0.4

Action                   |  1- 3 |  4- 6 |  7- 9 || total
-------------------------+-------+-------+-------++-------
Melee: Flail             |   110 |   246 |   279 ||   635
       Morningstar       |       |       |   117 ||   117
 Fire: Shortbow          |       |       |     2 ||     2
Invok: Burn Spellbooks   |       |       |     3 ||     3
       Berserk           |       |       |     2 ||     2
Evoke: Wand              |       |       |     2 ||     2
  Use: Potion            |       |     6 |     4 ||    10
       Scroll            |       |     6 |     8 ||    14
 Stab: Sleeping          |       |     3 |       ||     3
  Eat: Chunk             |     1 |     6 |     5 ||    12
       Fruit             |       |     6 |     5 ||    11
       Pizza             |       |       |     2 ||     2
       Bread ration      |       |       |     1 ||     1
       Beef jerky        |       |       |     1 ||     1
Armor: Leather armour    |    36 |    73 |       ||   109
       Chain mail        |       |    42 |   288 ||   330
Dodge: Dodged            |    90 |   207 |   155 ||   452
